 Dungeon Crawl Stone Soup version 0.27.1-33-g824d729ab1 (webtiles) character file.

Game seed: 6483123054152262288

62492 potato4science the Cleaver (level 14, 0/133 HPs)
             Began as a Minotaur Fighter on Dec 22, 2021.
             Was a High Priest of Okawaru.
             Killed by divine providence
             ... invoked by a meliai
              (9 damage)
             ... in a Gauntlet.
             The game lasted 01:37:17 (27121 turns).

potato4science the Cleaver (Minotaur Fighter)      Turns: 27121, Time: 01:37:19

Health: 0/133      AC: 24    Str: 26    XL:     14   Next: 64%
Magic:  0/28       EV: 10    Int:  9    God:    Okawaru [*****.]
Gold:   956        SH: 23    Dex: 12    Spells: 13/13 levels left

rFire    + . .     SeeInvis +   a - +0 broad axe
rCold    + + .     Faith    .   S - +0 tower shield
rNeg     + . .     Spirit   +   V - +0 chain mail {rC+}
rPois    +         Reflect  .   J - +2 hat
rElec    +         Harm     .   X - scarf {repulsion}
rCorr    +         Rampage  .   p - +0 pair of gloves
Will     .....     NoTele   +   h - +4 pair of boots of Dramatic Exits {rElec rN+ Will- SInv}
Stlth    ..........             q - amulet of guardian spirit
HPRegen  0.32/turn              R - ring of magical power
MPRegen  0.21/turn              g - +6 ring of strength

@: lethally poisoned (0 -> -4), resistant, heroic, finesse-ful, repel missiles
A: horns 2, retaliatory headbutt
a: Renounce Religion, Heroism, Finesse


You were in a Gauntlet.
You worshipped Okawaru.
Okawaru was extremely pleased with you.
You visited 3 branches of the dungeon, and saw 18 of its levels.
You also visited: Ossuary and Gauntlet.

You collected 1788 gold pieces.
You spent 832 gold pieces at shops.

Inventory:

Hand Weapons
 a - a +0 broad axe (weapon)
 b - a +2 whip of electrocution
 s - a +0 hunting sling
Missiles
 f - 122 poisoned darts
 i - 561 stones
 l - 5 curare-tipped darts
 n - 2 atropa-tipped darts
 o - 10 javelins
 v - 64 sling bullets
 F - 8 datura-tipped darts
 M - 8 boomerangs (quivered)
 P - 5 throwing nets
Armour
 h - the +4 pair of boots of Dramatic Exits (worn) {rElec rN+ Will- SInv}
   (Okawaru gifted it to you on level 13 of the Dungeon)

   rElec:     It insulates you from electricity.
   rN:        It protects you from negative energy.
   SInv:      It lets you see invisible.
   Will:      It decreases your willpower.
 p - a +0 pair of gloves (worn)
 J - a +2 hat (worn)
 S - a +0 tower shield (worn)
 V - a +0 chain mail of cold resistance (worn)
 X - a scarf of repulsion (worn)
Jewellery
 c - a ring of flight
 e - a ring of see invisible
 g - a +6 ring of strength (right hand)
 q - an amulet of guardian spirit (around neck)
 x - a ring of protection from cold
 G - a ring of positive energy
 I - an amulet of faith
 R - a ring of magical power (left hand)
Wands
 A - a wand of polymorph (9)
 K - a wand of iceblast (10)
 L - a wand of mindburst (9)
 N - a wand of flame (32)
 W - a wand of paralysis (5)
Scrolls
 j - 7 scrolls of identify
 t - 6 scrolls of teleportation
 w - 3 scrolls of blinking
 y - a scroll of fear
 O - 2 scrolls of amnesia
 T - 2 scrolls of fog
 U - 3 scrolls of enchant armour
Potions
 d - 2 potions of might
 k - 2 potions of heal wounds
 m - a potion of resistance
 r - 3 potions of cancellation
 u - 5 potions of curing
 z - a potion of flight
 B - a potion of invisibility
 C - 4 potions of brilliance
 D - 3 potions of lignification
 E - 2 potions of magic
 H - 2 potions of mutation
 Q - 2 potions of berserk rage


   Skills:
 + Level 14.7(19.7) Fighting
 + Level 14.8(19.8) Axes
 + Level 14.7(19.7) Armour
 - Level 0.7(5.7) Dodging
 + Level 14.7(19.7) Shields
 - Level 8.0 Invocations


You had 13 spell levels left.
You didn't know any spells.
Your spell library contained the following spells:

 Spells                   Type           Power      Damage    Failure   Level
 Animate Skeleton         Necr           0%         N/A       94%         1
 Foxfire                  Conj/Fire      0%         2x1d4     94%         1
 Freeze                   Ice            0%         1d3       94%         1
 Magic Dart               Conj           0%         1d3       94%         1
 Pain                     Necr           0%         1d4       94%         1
 Summon Small Mammal      Summ           0%         N/A       94%         1
 Blink                    Tloc           N/A        N/A       98%         2
 Call Imp                 Summ           0%         N/A       98%         2
 Static Discharge         Conj/Air       0%         N/A       98%         2
 Call Canine Familiar     Summ           0%         N/A       100%        3
 Conjure Flame            Conj/Fire      0%         6-21      100%        3
 Frozen Ramparts          Ice            0%         1d2       100%        3
 Inner Flame              Hex/Fire       0%         N/A       100%        3
 Mephitic Cloud           Conj/Pois/Air  0%         N/A       100%        3
 Summon Guardian Golem    Hex/Summ       0%         N/A       100%        3
 Vampiric Draining        Necr           0%         2d6       100%        3
 Airstrike                Air            0%         N/A       100%        4
 Hailstorm                Conj/Ice       0%         3d3       100%        4
 Ice Form                 Ice/Tmut       0%         N/A       100%        4
 Leda's Liquefaction      Hex/Erth       0%         N/A       100%        4
 Olgreb's Toxic Radiance  Pois           0%         N/A       100%        4
 Summon Lightning Spire   Summ/Air       0%         N/A       100%        4
 Bolt of Magma            Conj/Fire/Erth 0%         4d4       100%        5
 Freezing Cloud           Conj/Ice/Air   0%         6-21      100%        5
 Lightning Bolt           Conj/Air       0%         1d11      100%        5
 Manifold Assault         Tloc           0%         N/A       100%        5
 Simulacrum               Ice/Necr       0%         N/A       100%        6
 Statue Form              Tmut/Erth      0%         N/A       100%        6
 Ozocubu's Refrigeration  Ice            0%         4d5       100%        7
 Storm Form               Tmut/Air       0%         N/A       100%        7
 Ignition                 Fire           0%         3d3       100%        8
 Maxwell's Capacitive Co  Air            0%         ∞         100%        8
 Polar Vortex             Ice            0%         N/A       100%        9


Dungeon Overview and Level Annotations

Branches:
Dungeon (14/15)            Temple (1/1) D:4            Lair (3/6) D:9
 Spider (0/4) Lair:2          Orc (0/2) D:11         Vaults (0/5) D:14
Ossuary (visited)         Gauntlet (1/1)
  Swamp: Lair:2-4    Shoals: Lair:2-4

Altars:
Ashenzari
Cheibriados
Dithmenos
Elyvilon
Fedhas
Gozag
Hepliaklqana
Kikubaaqudgha
Makhleb
Nemelex Xobeh
Okawaru
Qazlal
Ru
Sif Muna
Trog
Uskayaw
Vehumet
Wu Jian
Xom
Yredelemnul
Zin
The Shining One

Shops:
D:4 ?   D:8 :   D:9 [

Annotations:
D:8 3 runed translucent doors, shaggyschweig's ghost, novice MiFi Gauntlet 9 transporters, 1 runed translucent door


Innate Abilities, Weirdness & Mutations

You have a pair of horns on your head.
You reflexively headbutt those who attack you in melee.


Message History

The meliai hits you with a +0 war axe.
* * * LOW HITPOINT WARNING * * *
The meliai stings you but does no damage.
You shred the net and break free!
You feel sick. The meliai hits you but does no damage.
You block the meliai's attack. x2
The meliai stings you but does no damage.
The meliai hits you but does no damage. You block the meliai's attack.
The meliai barely misses you.
The meliai stings you but does no damage.
The meliai hits you but does no damage.
The meliai stings you but does no damage.
The meliai hits you but does no damage. The meliai closely misses you.
You closely miss the meliai. Your headbutt misses the meliai.
You slash the meliai! x2; You feel sick.
The meliai calls upon its god to heal the meliai.
The meliai is healed somewhat.
The meliai calls upon its god to heal the meliai.
The meliai is healed somewhat.
The meliai barely misses you.
The meliai stings you but does no damage.
You slash the meliai!
The meliai is severely wounded.
You slash the meliai! You closely miss the meliai.
The meliai calls down the wrath of its god upon you.
Something smites you!
* * * LOW HITPOINT WARNING * * *
You block the meliai's attack. x3
The meliai stings you but does no damage.
You slash the meliai!
You kill the meliai!
Okawaru accepts your kill.
You miss the meliai. You hit the meliai but do no damage.
You feel sick.
The meliai calls upon its god to heal the meliai.
The meliai's wounds heal themselves!
You slice the meliai!!
You kill the meliai!
Okawaru accepts your kill.
You completely miss the meliai.
The meliai calls down the wrath of its god upon you.
Something smites you!
You die...

####.#...#≈#≈#...#'#.###.#.♣....≈
.©.}.#...P.P.P...#...#©..#......≈
########..P♣P..#############.♣..#
.©....©#.......#©....©....©#....≈
###########.###################.≈
#.#.......#.#.....###.#Z..##..#.≈
#.#.8.8.⌠W#.#.###.###.#ZZ##Z..#.#
#.#..P...W#.#.##y^#.#.#Z##Z.#.#.≈
#.#.#.©.#W#.#...@)..#.#Z#.©##.#.≈
#.#..P.P.W#.#.#^.##.#.#...##..#.≈
#.#.#.#.#.#.###$###.#.#..##$!.#.#
#.#..:©![.#.###[©.=y#.#.##©.[.#.≈
#.#########.#########.#########.≈
................................≈
P♣..P♣P.........P♣P.P♣...♣...♣P.#
......P....∩...PP...............≈
#≈≈≈#..♣P.....P♣..#≈≈≈#≈≈≈#≈≈≈#≈≈


You could see 4 shadows, a meliai, a five-headed hydra simulacrum, a wolf spider
simulacrum and 2 centaur warrior simulacra.

Vanquished Creatures
  Gastronok (Lair:1)
  A boulder beetle (D:13)
  6 hydras
  Harold (D:11)
  8 vault guards (D:14)
  Erica (D:8)
  4 centaur warriors
  A death knight (D:13)
  3 two-headed ogres
  6 death yaks (Lair:2)
  A tengu warrior (D:8)
  Urug (D:11)
  Nergalle (D:11)
  A soul eater (Gauntlet)
  Sonja (D:12)
  6 skeletal warriors
  A phantasmal warrior (D:13)
  A deep elf zephyrmancer (D:12)
  8 ugly things
  5 manticores
  7 cyclopes
  4 elephants
  2 black mambas
  7 cane toads
  2 gargoyles
  An efreet (D:14)
  3 unseen horrors
  2 komodo dragons
  A tengu conjurer (D:13)
  4 trolls
  A polar bear (Lair:3)
  Prince Ribbit (D:7)
  A wolf spider simulacrum (D:14)
  A jumping spider (Lair:2)
  2 meliai (Gauntlet)
  9 slime creatures
  5 blink frogs (Lair:1)
  2 shadows
  5 wraiths
  26 yaks
  2 basilisks
  A wyvern (D:8)
  6 vampire mosquitoes
  A swamp worm (Lair:3)
  An acid dragon (D:12)
  9 water moccasins
  3 orc warriors
  5 sky beasts
  An ice beast (D:8)
  6 small abominations (Gauntlet)
  A black bear (Lair:1)
  A boggart (D:9)
  A necrophage (D:7)
  10 wolves
  11 centaurs
  5 ogres
  A phantom (D:5)
  The ghost of zeram the Covert, an amateur OpBr (D:3)
  2 kobold brigands
  7 bullfrogs
  A gnoll sergeant (D:10)
  A scorpion (D:6)
  A wyvern zombie (D:8)
  5 killer bees (D:8)
  12 wights
  3 howler monkeys (D:9)
  A bullfrog zombie (D:6)
  9 centaur zombies
  A hound (D:6)
  A jelly (D:3)
  3 orc priests
  2 gnoll shamans
  A centaur skeleton (D:6)
  A scorpion zombie (D:5)
  8 orc wizards
  Natasha (thrice) (D:2)
  2 hound skeletons
  13 mummies (Ossuary)
  2 howler monkey zombies
  9 gnolls
  2 river rats (D:3)
  9 adders
  3 shadow imps (Gauntlet)
  A white imp (D:6)
  2 worms (D:2)
  2 dart slugs
  29 orcs
  A bat (D:3)
  3 endoplasms
  A giant cockroach (D:3)
  11 goblins
  12 hobgoblins
  4 jackals (D:5)
  4 quokkas
  4 ball pythons
  5 frilled lizards
  3 gnoll skeletons (Ossuary)
  A goblin skeleton (Ossuary)
  18 kobolds
  2 kobold skeletons (Ossuary)
  2 orc skeletons (Ossuary)
  7 rats
  11 rat skeletons (Ossuary)
435 creatures vanquished.

Vanquished Creatures (others)
  A bullfrog (D:7)
  A gnoll sergeant (D:7)
  An orc priest (D:7)
  An orc wizard (D:7)
  An ufetubus (D:7)
  4 orcs (D:7)
  A demonic plant (Gauntlet)
  4 fungi
  15 plants
  3 withered plants (Gauntlet)
32 creatures vanquished.

Grand Total: 467 creatures vanquished

Notes
Turn   | Place    | Note
-------+----------+-------------------------------------------
     0 | D:1      | potato4science the Minotaur Fighter began the quest for the
                  | Orb.
     0 | D:1      | Reached XP level 1. HP: 19/19 MP: 0/0
   319 | D:1      | Reached XP level 2. HP: 27/27 MP: 1/1
   350 | D:1      | Found a faded altar of an unknown god.
  1041 | D:2      | Noticed Natasha
  1132 | D:2      | Reached XP level 3. HP: 33/33 MP: 2/2
  1508 | D:2      | Reached XP level 4. HP: 36/40 MP: 3/3
  1587 | D:2      | Killed Natasha
  2315 | D:2      | Noticed Natasha
  2320 | D:2      | Killed Natasha
  2431 | D:2      | Noticed Natasha
  2436 | D:2      | Killed Natasha
  2437 | D:2      | Reached XP level 5. HP: 47/47 MP: 4/4
  2466 | D:3      | Noticed zeram's ghost (amateur OpBr)
  2466 | D:3      | Found a runed translucent door.
  2489 | D:3      | Killed zeram's ghost
  2501 | D:3      | Found a runed translucent door.
  2750 | D:3      | Reached XP level 6. HP: 55/55 MP: 5/5
  3015 | D:3      | Reached skill level 5 in Fighting
  3015 | D:3      | Reached skill level 5 in Axes
  3015 | D:3      | Reached skill level 5 in Armour
  3015 | D:3      | Reached skill level 5 in Shields
  3973 | D:4      | Found a staircase to the Ecumenical Temple.
  3984 | Temple   | Entered the Ecumenical Temple
  3999 | Temple   | Became a worshipper of Warmaster Okawaru
  4377 | D:4      | Found Hiju's Magic Scroll Emporium.
  4725 | D:5      | Entered Level 5 of the Dungeon
  4733 | D:5      | Reached XP level 7. HP: 61/61 MP: 6/6
  5154 | D:4      | Found a staircase to the Ecumenical Temple.
  5721 | D:4      | Found a white marble altar of Elyvilon.
  5721 | D:4      | Found an opulent altar of Gozag.
  6074 | D:5      | Reached * piety under Okawaru
  6196 | D:5      | Reached XP level 8. HP: 71/71 MP: 7/7
  6358 | D:5      | Found a sparkling altar of Nemelex Xobeh.
  6727 | D:6      | Reached skill level 1 in Invocations
  6817 | D:6      | Reached ** piety under Okawaru
  7763 | D:7      | Reached XP level 9. HP: 73/80 MP: 7/9
  7783 | D:7      | Noticed Prince Ribbit
  7795 | D:7      | Killed Prince Ribbit
  7795 | D:7      | Reached *** piety under Okawaru
  7897 | D:7      | Found a shimmering altar of Xom.
  8330 | D:8      | Found a sand-covered staircase.
  8335 | Ossuary  | Entered an ossuary
  8698 | D:8      | Found Gapiuw's Book Emporium.
  8698 | D:8      | Noticed Erica
  9178 | D:7      | Reached **** piety under Okawaru
  9595 | D:8      | Received a gift from Okawaru
  9659 | D:8      | Found a runed translucent gate.
  9659 | D:8      | Found a runed translucent gate.
  9659 | D:8      | Found a runed translucent gate.
  9660 | D:8      | Found an opulent altar of Gozag.
  9661 | D:8      | Noticed a skeletal warrior
  9661 | D:8      | Noticed shaggyschweig's ghost (novice MiFi)
  9935 | D:8      | Reached XP level 10. HP: 78/91 MP: 10/10
 10344 | D:8      | Killed Erica
 10878 | D:9      | Found Hosimuhy's Armour Boutique.
 11078 | D:9      | Reached ***** piety under Okawaru
 11084 | D:9      | Reached skill level 10 in Fighting
 11094 | D:9      | Reached skill level 10 in Axes
 11094 | D:9      | Reached skill level 10 in Armour
 11094 | D:9      | Reached skill level 10 in Shields
 11755 | D:9      | Found a staircase to the Lair.
 11931 | D:9      | Found a sacrificial altar of Ru.
 11932 | D:9      | Found a white marble altar of Elyvilon.
 11932 | D:9      | Found a burning altar of Makhleb.
 11932 | D:9      | Found a shimmering altar of Xom.
 11932 | D:9      | Noticed a tengu warrior
 11981 | D:8      | Killed a tengu warrior
 12333 | D:9      | Received a gift from Okawaru
 12367 | D:9      | Reached XP level 11. HP: 73/101 MP: 11/11
 12522 | D:9      | Noticed a centaur warrior
 12524 | D:9      | Identified the +1 robe of Igamooly {rElec rF++ Will- rCorr}
 12524 | D:9      | Noticed a centaur warrior
 12532 | D:9      | Killed a centaur warrior
 12533 | D:9      | Noticed a brown ugly thing
 12533 | D:9      | Noticed a red ugly thing
 12535 | D:9      | Noticed an eight-headed hydra
 12555 | D:9      | Killed a centaur warrior
 12561 | D:9      | HP: 5/102 [eight-headed hydra (3)]
 13200 | D:9      | Killed a purple ugly thing
 13233 | D:9      | Killed a red ugly thing
 13538 | D:9      | Found a white marble altar of Elyvilon.
 13539 | D:9      | Found a sacrificial altar of Ru.
 13540 | D:9      | Found a burning altar of Makhleb.
 13540 | D:9      | Found a shimmering altar of Xom.
 13696 | D:9      | Killed an eight-headed hydra
 13897 | D:9      | Found Hosimuhy's Armour Boutique.
 13963 | D:9      | Found a staircase to the Lair.
 14199 | D:10     | Entered Level 10 of the Dungeon
 14839 | D:10     | Received a gift from Okawaru
 14840 | D:10     | Reached skill level 5 in Invocations
 15556 | D:11     | Found a staircase to the Orcish Mines.
 15733 | D:11     | Noticed Nergalle
 15754 | D:11     | Killed Nergalle
 15755 | D:11     | Reached XP level 12. HP: 94/111 MP: 13/15
 15903 | D:11     | Noticed Urug
 15925 | D:11     | Killed Urug
 16331 | D:11     | Received a gift from Okawaru
 16346 | D:11     | Noticed Harold
 16358 | D:11     | Killed Harold
 17383 | D:12     | Noticed Sonja
 17396 | D:12     | Paralysed by Sonja for 6 turns
 17405 | D:12     | Killed Sonja
 18474 | D:13     | Noticed a death knight
 18549 | D:13     | Noticed a centaur warrior
 18566 | D:13     | Killed a centaur warrior
 18872 | D:13     | Noticed a two-headed ogre
 18877 | D:13     | Killed a two-headed ogre
 19090 | D:13     | Identified the +4 pair of boots of Dramatic Exits {rElec
                  | rN+ Will- SInv} (Okawaru gifted it to you on level 13 of
                  | the Dungeon)
 19090 | D:13     | Received a gift from Okawaru
 19219 | D:13     | Noticed a centaur warrior
 19230 | D:13     | Killed a centaur warrior
 19459 | D:13     | Noticed a boulder beetle
 19756 | D:13     | Killed a boulder beetle
 19757 | D:13     | Reached XP level 13. HP: 88/119 MP: 18/18
 21177 | D:14     | Reached ****** piety under Okawaru
 21779 | D:14     | Found a sacrificial altar of Ru.
 22638 | D:14     | Found a gate to the Vaults.
 22903 | D:14     | Received a gift from Okawaru
 23506 | D:4      | Bought a scroll of teleportation for 33 gold pieces
 23506 | D:4      | Bought a scroll of enchant armour for 82 gold pieces
 23506 | D:4      | Bought a scroll of acquirement for 572 gold pieces
 23506 | D:4      | Bought a scroll of enchant armour for 82 gold pieces
 23506 | D:4      | Acquired 526 gold pieces
 23633 | D:9      | Bought a +0 tower shield for 63 gold pieces
 23660 | Lair:1   | Entered Level 1 of the Lair of Beasts
 24033 | Lair:1   | Reached XP level 14. HP: 128/130 MP: 19/19
 24254 | Lair:1   | Noticed Gastronok
 24797 | Lair:1   | Received a gift from Okawaru
 24954 | Lair:1   | Killed Gastronok
 25206 | Lair:2   | Found a hole to the Spider Nest.
 25403 | Lair:2   | Acquired a scarf of repulsion
 25686 | Lair:2   | Identified the +0 falchion "Jistram" {freeze, rElec Will-
                  | Dex+6}
 26507 | Lair:3   | Found a gate leading to a gauntlet.
 26538 | Gauntlet | Entered a Gauntlet
 26538 | Gauntlet | Found a transporter.
 26538 | Gauntlet | Found a runed translucent door.
 26572 | Gauntlet | Found a runed translucent door.
 26576 | Gauntlet | Found a transporter.
 26578 | Gauntlet | Found a transporter.
 26591 | Gauntlet | Found a transporter.
 26592 | Gauntlet | Found a transporter.
 26601 | Gauntlet | Found a transporter.
 26617 | Gauntlet | Found a transporter.
 26628 | Gauntlet | Found a transporter.
 26640 | Gauntlet | Found a transporter.
 26654 | Gauntlet | Found a transporter.
 26666 | Gauntlet | Found a transporter.
 26666 | Gauntlet | Found a transporter.
 26715 | Gauntlet | Found a transporter.
 26729 | Gauntlet | Found a transporter.
 26732 | Gauntlet | Found a runed translucent door.
 27121 | Gauntlet | Killed from afar by a meliai

Illustrated notes

Levels and vault maps discovered:
D:1:      saegor_arrival_under_anarchy, layout_loops_ring,
          shapermc_ecumenical_altar_venn, serial_bayou_lagoon_a
D:2:      layout_loops_ring, uniq_natasha
D:3:      cheibrodos_greedy_goblins, layout_basic, ebering_ghost_sewer_f,
          serial_park_tiny_pond, nrook_campfire
D:4:      layout_basic, nicolae_overflow_hidden_temple,
          minmay_temple_entry_tees, serial_shops, kennysheep_mini
D:5:      layout_rooms, nemelex_diamond_rough_becter
D:6:      layout_loops_ring, kennysheep_generic_room_2
D:7:      layout_basic, xom_confusion_cloud, uniq_prince_ribbit1
D:8:      layout_basic, enter_ossuary_2, ebering_ghost_gozag, serial_shops,
          shop, uniq_erica
D:9:      minmay_the_grid_octo_triangle [minmay_the_grid_octo_clover,
          minmay_the_grid_octo_prize_big_c, minmay_the_grid_octo_shrine],
          layout_irregular_city, dpeg_oklobed_lair, serial_shops, shop,
          kennysheep_generic_room_5
D:10:     layout_stronghold, chequers_decorated_corner
D:11:     layout_roguey, orc_0_dummy, uniq_nergalle, uniq_urug, uniq_harold
D:12:     layout_stronghold, uniq_sonja
D:13:     layout_stronghold, grunt_ministairs_14
D:14:     layout_grid_maze, erik_vaults_2, hangedman_ru_absence
Temple:   eino_narrow_crystal_temple
Lair:1:   layout_roguey, lemuel_fruit_fields, grunt_megastairs_5, uniq_gastronok
Lair:2:   layout_regular_city, spider_nest_entry_a, grunt_megastairs_4
Lair:3:   layout_hall_layers, palyth_hydra_swamp_entry, gauntlet_entry_generic,
          minmay_lindwurm_lava
Gauntlet: minmay_gauntlet_77_tree [minmay_gauntlet_arena_77_shame_cube,
          minmay_gauntlet_arena_77_path, minmay_gauntlet_arena_77_two_paths,
          minmay_gauntlet_arena_77_two_lines, minmay_gauntlet_arena_77_p_blocks,
          minmay_gauntlet_arena_77_museum,
          minmay_gauntlet_arena_77_chump_sandwich, gauntlet_exit_green]

Skill      XL: |  1  2  3  4  5  6  7  8  9 10 11 12 13 14 |
---------------+-------------------------------------------+-----
Fighting       | 4 5 6 7 9 10 11 12 13 14 | 14.7
Armour         | 4 5 6 7 9 10 11 12 13 14 | 14.7
Shields        | 4 5 6 7 9 10 11 12 13 14 | 14.7
Axes           | 3 4 5 6 7 9 10 11 12 13 14 | 14.8
Invocations    | 2 5 8 |  8.0
Dodging        | |  0.7

Action                   |  1- 3 |  4- 6 |  7- 9 | 10-12 | 13-15 || total
-------------------------+-------+-------+-------+-------+-------++-------
Melee: War axe           |    90 |   118 |   308 |   256 |       ||   772
       Headbutt          |     8 |    29 |    61 |   159 |   170 ||   427
       Broad axe         |       |       |       |   296 |   616 ||   912
       Whip              |       |       |       |     6 |    31 ||    37
 Fire: Hunting sling     |       |     2 |    34 |     5 |       ||    41
Throw: Stone             |     4 |    18 |    13 |       |       ||    35
       Boomerang         |       |       |       |    47 |    39 ||    86
Invok: Heroism           |       |       |       |     5 |    11 ||    16
       Finesse           |       |       |       |       |     6 ||     6
  Use: Scroll            |       |       |    15 |    12 |     4 ||    31
       Potion            |       |       |       |     3 |     2 ||     5
Armor: Scale mail        |     6 |       |       |       |       ||     6
       Chain mail        |    25 |       |       |    71 |   289 ||   385
       Plate armour      |    18 |    54 |   131 |   284 |       ||   487
Dodge: Dodged            |    27 |    15 |    59 |   147 |   143 ||   391
       Repelled          |       |       |       |       |     1 ||     1
Block: Kite shield       |    56 |    57 |   183 |   429 |   155 ||   880
       Tower shield      |       |       |       |       |   330 ||   330
